 Dungeon Crawl Stone Soup version 0.28.0-53-g5a82cb258f (webtiles) character file.

Game seed: 15564585029037614372

15869 KrombopulosMichael the Carver (level 12, 0/75 HPs)
             Began as a Gargoyle Monk on June 1, 2022.
             Was a Follower of Ashenzari.
             Killed by divine providence
             ... invoked by an orc priest
              (14 damage)
             ... on level 12 of the Dungeon.
             The game lasted 00:37:36 (13388 turns).

KrombopulosMichael the Carver (Gargoyle Monk)      Turns: 13388, Time: 00:37:37

Health: 0/75       AC: 28    Str: 14    XL:     12   Next: 31%
Magic:  15/15      EV:  8    Int: 11    God:    Ashenzari [*.....]
Gold:   104        SH:  0    Dex: 16    Spells: 11/13 levels left

rFire   + + .      SeeInvis .   f - +9 falchion of the Sibylline Vexation {freeze, rC+ rN+ Stlth+, Melee, Comp} (curse)
rCold   . . .      Faith    .   I - orb {*Rage}
rNeg    + + .      Spirit   .   m - +1 chain mail of Lugonu {rElec rF++ rC-}
rPois   ∞          Reflect  .   x - +0 hat of Toothy Miracles {Slay+3}
rElec   +          Harm     .   c - +0 cloak
rCorr   .          Rampage  .   G - +2 pair of gloves of Ashenzari's Suspicion {hurl, Fort, Evo} (curse)
Will    .....      Rage     20% h - +0 pair of boots
Stlth   +.........              J - amulet of the Air {Inacc Air Fly rElec RMsl}
HPRegen 0.22/turn               (no ring)
MPRegen 0.14/turn               (no ring)

@: mighty, on berserk cooldown, flying, hasted and slowed, repel missiles
A: sickness immunity, AC +8, negative energy resistance 1, electricity
resistance, torment resistance 1, petrification resistance, dopey 1, high MP 1
a: Renounce Religion, Curse Item, Shatter the Chains


You were on level 12 of the Dungeon.
You worshipped Ashenzari.
Ashenzari was aware of your devotion.
You visited 2 branches of the dungeon, and saw 13 of its levels.
You also visited: Sewer, Ossuary and Bailey.

You collected 922 gold pieces.
You spent 818 gold pieces at shops.

Inventory:

Hand Weapons
 a - a +2 spear of protection
 b - a +2 short sword of electrocution
 f - the cursed +9 falchion of the Sibylline Vexation (weapon) {freeze, rC+ rN+ Stlth+, Melee, Comp}
   (You found it in a sewer)

   It freezes those it strikes, dealing additional cold damage.
   It can also slow down cold-blooded creatures.
   rC:        It protects you from cold.
   rN:        It protects you from negative energy.
   Stlth:     It makes you more stealthy.
   It has a curse which improves the following skills: Melee Combat: Short
   Blades, Long Blades, Axes, Maces & Flails, Polearms, Staves and Unarmed
   Combat.
   Companions: Summonings and Necromancy.
 j - a +3 scimitar of flaming
Missiles
 p - 3 boomerangs (quivered)
 A - 5 throwing nets
Armour
 c - a +0 cloak (worn)
 h - a +0 pair of boots (worn)
 m - the +1 chain mail of Lugonu (worn) {rElec rF++ rC-}
   (You bought it in a shop on level 1 of the Dungeon)

   rF:        It greatly protects you from fire.
   rC:        It makes you vulnerable to cold.
   rElec:     It insulates you from electricity.
 n - an orb of guile
 x - the +0 hat of Toothy Miracles (worn) {Slay+3}
   (You acquired it on level 8 of the Dungeon)

   Slay:      It affects your accuracy & damage with ranged weapons and melee
   (+3).
 B - a scarf of invisibility
 D - the +0 hat of Koturgh {Regen+ Str+4}
   (You found it on level 10 of the Dungeon)

   Str:       It affects your strength (+4).
   Regen:     It increases your rate of health regeneration.
 G - the cursed +2 pair of gloves of Ashenzari's Suspicion (worn) {hurl, Fort, Evo}
   (You bought it in a shop on level 1 of the Dungeon)

   It has a curse which improves the following skills: Fortitude: Armour and
   Shields.
   Evocations: Evocations.
 I - an orb of wrath (worn)
Jewellery
 k - an amulet of reflection
 H - a ring of fire
 J - the amulet of the Air (around neck) {Inacc Air Fly rElec RMsl}
   (You found it on level 10 of the Dungeon)

   [amulet of nothing]

   It reduces the accuracy of all your attacks.
   It enhances your air magic.
   rElec:     It insulates you from electricity.
   Fly:       It grants you flight.
   RMsl:      It protects you from missiles.
Wands
 g - a wand of digging (3)
 o - a wand of iceblast (12)
 t - a wand of polymorph (6)
 C - a wand of paralysis (7)
Scrolls
 e - a scroll of teleportation
 r - 3 scrolls of magic mapping
 w - 3 scrolls of brand weapon
 y - 2 scrolls of fear
 E - 2 scrolls of holy word
 F - 2 scrolls of enchant weapon
Potions
 d - 5 potions of curing
 s - 3 potions of attraction
 u - a potion of cancellation
 z - 2 potions of mutation


   Skills:
 + Level 8.8 Fighting
 + Level 10.8(11.6) Long Blades
 + Level 5.9(6.7) Polearms
 + Level 1.3 Throwing
 + Level 10.1(10.9) Armour
 + Level 4.4 Dodging
 + Level 5.7 Stealth
 + Level 6.0(6.8) Shields
 + Level 1.4 Spellcasting
 + Level 0.4 Conjurations
 + Level 1.5(2.2) Evocations


You had 11 spell levels left.
You knew the following spells:

 Your Spells              Type           Power      Damage    Failure   Level
a - Magic Dart            Conj           4%         1d3       98%         1
b - Apportation           Tloc           0%         N/A       99%         1

Your spell library contained the following spells:

 Spells                   Type           Power      Damage    Failure   Level
 Animate Skeleton         Necr           2%         N/A       99%         1
 Summon Small Mammal      Summ           0%         N/A       99%         1
 Call Imp                 Summ           0%         N/A       99%         2
 Ensorcelled Hibernation  Hex/Ice        0%         N/A       99%         2
 Scorch                   Fire           0%         2d5       99%         2
 Mephitic Cloud           Conj/Pois/Air  1%         N/A       100%        3
 Spider Form              Tmut/Pois      0%         N/A       100%        3
 Anguish                  Hex/Necr       0%         N/A       100%        4
 Flame Wave               Conj/Fire      1%         2d4       100%        4
 Petrify                  Tmut/Erth      0%         N/A       100%        4
 Fireball                 Conj/Fire      0%         3d3       100%        5
 Iskenderun's Battlesphe  Conj           1%         2d6       100%        5
 Metabolic Englaciation   Hex/Ice        0%         N/A       100%        5
 Conjure Ball Lightning   Conj/Air       0%         3x3d6     100%        6
 Iron Shot                Conj/Erth      0%         9d1       100%        6
 Summon Cactus Giant      Summ           0%         N/A       100%        6
 Orb of Destruction       Conj           0%         9d5       100%        7
 Spellforged Servitor     Conj/Summ      0%         N/A       100%        7
 Statue Form              Tmut/Erth      Unusable   N/A       N/A         6

Dungeon Overview and Level Annotations

Branches:
Dungeon (12/15)            Temple (1/1) D:4            Lair (0/6) D:11
    Orc (0/2) D:12          Sewer (visited)         Ossuary (visited)
 Bailey (visited)

Altars:
Ashenzari
Cheibriados
Dithmenos
Elyvilon
Fedhas
Gozag
Hepliaklqana
Kikubaaqudgha
Makhleb
Okawaru
Ru
Sif Muna
Trog
Wu Jian
Xom
Yredelemnul
Zin
The Shining One

Shops:
D:1 :[=:(   D:7 *   D:10 *


Innate Abilities, Weirdness & Mutations

You are immune to sickness and miasma.
Your stone body is resilient. (AC +8)
You are immune to poison.
You resist negative energy. (rN+)
You are resistant to electric shocks. (rElec)
You are resistant to unholy torment.
You are immune to petrification.
You are dopey. (Int -2)
You have an increased reservoir of magic. (+10% MP)


Message History

Unknown command.
You feel yourself speed up.
The slime creature quivers.
The orc priest yells at you, "GO AWAY!"
The deep elf pyromancer prays for help.
The deep elf pyromancer mumbles some strange words.
The deep elf pyromancer blinks!
The wraith hits you but does no damage.
You feel very mighty all of a sudden. The wraith hits you but does no damage.
You closely miss the wraith. The wraith hits you but does no damage.
Unknown command.
You hit the wraith. You freeze the wraith.
The wraith is moderately damaged.
The wolf spider hits you but does no damage.
The wolf spider bites you but does no damage.
The wraith hits you but does no damage.
Unknown command.
Unknown command.
You barely miss the wolf spider. The wolf spider hits you!
* * * LOW HITPOINT WARNING * * *
The wolf spider bites you but does no damage.
Unknown command.
Unknown command.
Aiming: Dig
Press: ? - help, Shift-Dir - straight line A rock wall.
The rock shatters into small pieces.
The wolf spider hits you but does no damage.
The wolf spider bites you but does no damage.
The howler monkey hoots and howls with incredible vigour!
The wraith barely misses you.
The wolf spider hits you but does no damage.
The wolf spider bites you but does no damage.
Something unseen opens the door.
You hear a bellow! x4; You hear a shout!
The howler monkey hits you but does no damage.
Unknown command.
The orc priest mumbles some strange prayers to Beogh against you.
Beogh smites you!
You die...

#.... ## #....#
#.# #....# #.#
####### #....# #.#
#.....# #....# #.#
......##
.#....##.#
.s....##.<#....#@#
#.........K....s##
#.........#..Jh##
#...s.##..#.4JW#
#<..u.##..#....##
#..).......Y....#
#.........o..J..#
#........o......#
#...............#


You could see 2 slime creatures, a wolf spider, an ice devil (summoned), a
kobold demonologist, a yak, a wraith, a howler monkey, an orc priest and an orc.

Vanquished Creatures
  Josephine (D:10)
  A hydra (D:9)
  2 boulder beetles (D:10)
  Erica (D:10)
  A two-headed ogre (D:10)
  A lindwurm (D:10)
  Grinder (D:4)
  A shadow (D:10)
  6 wraiths
  28 yaks
  3 redbacks (D:10)
  Grum (Bailey)
  2 steam dragons (D:7)
  2 acid dragons
  6 orc warriors
  2 ice beasts
  2 necrophages
  2 sky beasts
  2 centaurs
  3 wolves (Bailey)
  An ogre (D:5)
  A kobold brigand (D:9)
  6 gnoll sergeants (Bailey)
  5 bullfrogs
  3 scorpions
  A water moccasin skeleton (D:7)
  16 wights
  6 howler monkeys
  3 centaur zombies
  4 hounds
  2 lava snakes (D:10)
  3 quasits (D:6)
  3 centaur skeletons
  2 jellies
  3 orc priests
  7 gnoll shamans
  An iguana (D:4)
  7 orc wizards
  2 howler monkey zombies
  23 gnolls
  3 river rats (D:4)
  5 adders
  2 shadow imps
  A white imp (D:7)
  An ufetubus (D:6)
  3 adder skeletons (D:4)
  4 adder zombies
  A worm (D:2)
  3 dart slugs
  32 orcs
  4 bats
  7 endoplasms
  15 giant cockroaches
  10 goblins
  6 hobgoblins
  14 quokkas
  17 ball pythons
  A ball python skeleton (Ossuary)
  13 frilled lizards
  2 hobgoblin skeletons (Ossuary)
  10 kobolds
  2 kobold zombies (Ossuary)
  7 rats
330 creatures vanquished.

Vanquished Creatures (others)
  2 plants (D:10)
2 creatures vanquished.

Grand Total: 332 creatures vanquished

Notes
Turn   | Place    | Note
-------+----------+-------------------------------------------
     0 | D:1      | KrombopulosMichael the Gargoyle Monk began the quest for
                  | the Orb.
     0 | D:1      | Reached XP level 1. HP: 14/14 MP: 1/1
    14 | D:1      | Found Hodut's Jewellery Emporium.
    28 | D:1      | Found Losserr's Antique Armour Shoppe.
    51 | D:1      | Reached XP level 2. HP: 19/19 MP: 2/2
   123 | D:1      | Found Ubaeg's Book Emporium.
   318 | D:1      | Found Oqyret's Book Emporium.
   365 | D:1      | Found Qyojyho's Weapon Shop.
   434 | D:1      | Found a faded altar of an unknown god.
   690 | D:2      | Reached XP level 3. HP: 23/24 MP: 3/3
  1091 | D:2      | Learned a level 1 spell: Magic Dart
  1297 | D:2      | Reached skill level 1 in Armour
  1301 | D:2      | Learned a level 1 spell: Apportation
  1455 | D:2      | Reached XP level 4. HP: 10/29 MP: 4/4
  2157 | D:3      | Found a basalt altar of Yredelemnul.
  2159 | D:3      | Found a shimmering altar of Xom.
  2986 | D:4      | Found a staircase to the Ecumenical Temple.
  3024 | D:4      | Noticed Grinder
  3033 | D:4      | Killed Grinder
  3034 | D:4      | Reached skill level 1 in Spellcasting
  3034 | D:4      | Reached XP level 5. HP: 32/34 MP: 4/7
  3034 | D:4      | Reached XP level 6. HP: 37/39 MP: 4/8
  3199 | D:4      | Reached XP level 7. HP: 34/44 MP: 9/9
  3242 | D:4      | Reached skill level 5 in Fighting
  3265 | D:4      | Gained mutation: You are frail. (-10% HP) [potion of
                  | mutation]
  3265 | D:4      | Gained mutation: You have a somewhat thin skeletal
                  | structure. (Dex +2, Stealth+) [potion of mutation]
  3302 | D:4      | Reached skill level 5 in Polearms
  3380 | D:4      | Found a glowing drain.
  3464 | Sewer    | Entered a sewer
  3898 | Sewer    | Reached skill level 1 in Shields
  3908 | Sewer    | Identified the +9 falchion "Rooju Ji Yll" {freeze, rC+ rN+
                  | Stlth+}
  4015 | D:1      | Bought a slimy chain mail for 237 gold pieces
  4015 | D:1      | Identified the +1 chain mail of Lugonu {rElec rF++ rC-}
                  | (You bought it in a shop on level 1 of the Dungeon)
  4293 | Temple   | Entered the Ecumenical Temple
  4409 | Temple   | Became a worshipper of Ashenzari the Shackled
  4509 | D:5      | Entered Level 5 of the Dungeon
  4523 | D:5      | Reached XP level 8. HP: 43/45 MP: 10/10
  4904 | D:5      | Reached skill level 1 in Long Blades
  5064 | D:5      | Lost mutation: You have a somewhat thin skeletal structure.
                  | (Dex +2, Stealth+) [potion of mutation]
  5064 | D:5      | Lost mutation: You are frail. (-10% HP) [potion of
                  | mutation]
  5064 | D:5      | Gained mutation: You possess an exceptional clarity of
                  | mind. [potion of mutation]
  5064 | D:5      | Gained mutation: You are clumsy. (Dex -2) [potion of
                  | mutation]
  5064 | D:5      | Gained mutation: Armour fits poorly on your strangely
                  | shaped body. [potion of mutation]
  5064 | D:5      | Lost mutation: You are clumsy. (Dex -2) [potion of
                  | mutation]
  5296 | D:5      | Found a glowing golden altar of the Shining One.
  6779 | D:6      | Reached skill level 5 in Armour
  6782 | D:6      | Reached XP level 9. HP: 52/55 MP: 11/11
  6964 | D:7      | Found Vooll's Assorted Antiques.
  6972 | D:7      | Bought a ruby potion for 27 gold pieces
  6972 | D:7      | Bought a scroll labelled XEEMEWAD RUESI for 31 gold pieces
  6972 | D:7      | Bought a scroll labelled CIUSHE EB DUO for 31 gold pieces
  7010 | D:7      | Lost mutation: You possess an exceptional clarity of mind.
                  | [potion of mutation]
  7010 | D:7      | Lost mutation: Armour fits poorly on your strangely shaped
                  | body. [potion of mutation]
  7010 | D:7      | Gained mutation: You are dopey. (Int -2) [potion of
                  | mutation]
  7010 | D:7      | Gained mutation: You have an increased reservoir of magic.
                  | (+10% MP) [potion of mutation]
  7339 | D:7      | Reached skill level 5 in Long Blades
  7911 | D:8      | Found a sand-covered staircase.
  7923 | Ossuary  | Entered an ossuary
  8213 | D:8      | Reached XP level 10. HP: 43/61 MP: 13/13
  8747 | D:8      | Found a white marble altar of Elyvilon.
  8935 | D:1      | Bought a pair of glowing gloves for 187 gold pieces
  9207 | D:8      | Reached * piety under Ashenzari
  9208 | D:8      | Acquired the +0 hat of Toothy Miracles {Slay+3}
  9618 | D:9      | Noticed a four-headed hydra
  9633 | D:9      | Killed a seven-headed hydra
  9736 | D:9      | Reached skill level 1 in Evocations
  9741 | D:9      | Identified the cursed +2 pair of gloves of Ashenzari's
                  | Suspicion {hurl, Fort, Evo} (You bought it in a shop on
                  | level 1 of the Dungeon)
 10097 | D:9      | Reached XP level 11. HP: 14/67 MP: 14/14
 10449 | D:10     | Entered Level 10 of the Dungeon
 10449 | D:10     | Found a flagged portal.
 10451 | D:10     | Noticed Erica
 10460 | Bailey   | Entered a bailey
 11027 | Bailey   | Noticed Grum
 11035 | Bailey   | Reached skill level 5 in Shields
 11039 | Bailey   | Killed Grum
 11429 | D:10     | Killed Erica
 11441 | D:10     | Noticed Josephine
 11455 | D:10     | Killed Josephine
 11462 | D:10     | Reached skill level 1 in Throwing
 11781 | D:10     | Noticed a two-headed ogre
 11792 | D:10     | Killed a two-headed ogre
 11793 | D:10     | Reached skill level 10 in Long Blades
 11793 | D:10     | Reached skill level 5 in Stealth
 11988 | D:1      | Bought an embroidered scarf for 200 gold pieces
 12265 | D:10     | Found a runed translucent door.
 12267 | D:10     | Identified the +0 hat of Koturgh {Regen+ Str+4}
 12452 | D:10     | Found a runed translucent gate.
 12452 | D:10     | Found a runed translucent gate.
 12452 | D:10     | Found a runed translucent gate.
 12452 | D:10     | Found a runed translucent gate.
 12452 | D:10     | Found a runed translucent gate.
 12452 | D:10     | Found a runed translucent gate.
 12452 | D:10     | Noticed a boulder beetle
 12452 | D:10     | Noticed a lindwurm
 12460 | D:10     | Noticed a boulder beetle
 12460 | D:10     | Found the amulet of the Air {Inacc Air Fly rElec RMsl}
 12777 | D:10     | Found Quebbi's General Store.
 12785 | D:10     | Bought a scroll of magic mapping for 49 gold pieces
 12785 | D:10     | Bought a potion of might for 56 gold pieces
 12836 | D:10     | Reached XP level 12. HP: 69/75 MP: 15/15
 13141 | D:10     | Killed a boulder beetle
 13153 | D:10     | Killed a boulder beetle
 13154 | D:10     | Reached skill level 10 in Armour
 13314 | D:11     | Noticed a death yak
 13317 | D:11     | Noticed a death yak
 13317 | D:11     | Noticed a death yak
 13332 | D:11     | Found a staircase to the Lair.
 13372 | D:12     | Found a staircase to the Orcish Mines.
 13378 | D:12     | Noticed a seven-headed hydra
 13388 | D:12     | Killed from afar by an orc priest

Illustrated notes

Levels and vault maps discovered:
D:1:      minmay_arrival_arboretum_small, layout_rooms, serial_shops, shop,
          nicolae_shop_bloodbath_and_beyond, shop, shop, shop,
          dilly_ecumenical_altar_fadedgnrine
D:2:      layout_basic
D:3:      layout_basic, chequers_temple_overflow_statue_of_worship
D:4:      layout_rooms, minmay_temple_entry_trees, portal_sewer_entry_c,
          serial_bayou_pond_b, chequers_garden, uniq_grinder
D:5:      layout_basic, mainiacjoe_overflow_catwalk
D:6:      cheibrodos_quashed, layout_layer_cave
D:7:      layout_cave_pods, serial_shops, nicolae_shop_trees,
          chequers_serial_rivers_room_b
D:8:      layout_basic, mainiacjoe_overflow_chevrons,
          lightli_ossuary_entry_decrepit_ruins
D:9:      layout_roguey, item_on_display_a
D:10:     gammafunk_indiana_jones, layout_basic, enter_bailey_5, serial_shops,
          shop_fountains, uniq_josephine, uniq_erica
D:11:     layout_long_grid, dpeg_lair_monsters, serial_bayou_lagoon_b
D:12:     layout_gridville, david_orc_3
Temple:   dpeg_five_rooms_temple

Skill      XL: |  1  2  3  4  5  6  7  8  9 10 11 12 |
---------------+-------------------------------------+-----
Polearms       | 3 4 5 |  5.9
Armour         | 1 2 3 5 6 7 9 10 | 10.1
Fighting       | 4 5 6 7 8 |  8.8
Stealth        | 3 4 5 |  5.7
Spellcasting   | 1 |  1.4
Dodging        | 3 4 |  4.4
Shields        | 1 3 4 5 6 |  6.0
Long Blades    | 4 7 8 10 | 10.8
Evocations     | 1 |  1.5
Throwing       | 1 |  1.3
Conjurations   | |  0.4

Action                   |  1- 3 |  4- 6 |  7- 9 | 10-12 || total
-------------------------+-------+-------+-------+-------++-------
Melee: Spear             |   123 |   126 |   274 |       ||   523
       Punch             |     2 |       |     4 |     3 ||     9
       Short sword       |       |     2 |       |       ||     2
       Falchion          |       |       |   220 |   474 ||   694
Throw: Boomerang         |       |       |       |     6 ||     6
       Throwing net      |       |       |       |     1 ||     1
Invok: Curse Item        |       |       |     1 |     1 ||     2
Evoke: Wand              |       |     4 |     1 |    18 ||    23
  Use: Scroll            |     3 |     3 |    10 |     8 ||    24
       Potion            |       |       |     6 |    10 ||    16
 Stab: Sleeping          |     1 |       |       |       ||     1
       Paralysed         |       |     5 |       |    12 ||    17
       Held in net/web   |       |       |       |     1 ||     1
Armor: Robe              |     1 |       |       |       ||     1
       Scale mail        |    12 |       |       |       ||    12
       Chain mail        |    19 |    62 |   260 |   269 ||   610
       Skin              |       |       |       |    13 ||    13
Dodge: Dodged            |    33 |    30 |   116 |   145 ||   324
Block: Other             |       |       |   100 |    85 ||   185
       Reflection        |       |       |     1 |     1 ||     2
       Orb               |       |       |       |     4 ||     4
